 Dungeon Crawl Stone Soup version 0.30-a0-948-g4fa250aae5 (webtiles) character file.

Game seed: 9487476254560917915

85 DeathPants the Cutter (level 4, 0/23 HPs)
             Began as a Vine Stalker Gladiator on Mar 26, 2023.
             Succumbed to an adder's poison
             ... in a sewer.
             The game lasted 00:04:21 (1485 turns).

DeathPants the Cutter (Vine Stalker Gladiator)      Turns: 1485, Time: 00:04:21

Health: 0/23       AC:  4    Str: 17    XL:     4   Next: 48%
Magic:  5/7        EV:  9    Int: 16    God:
Gold:   82         SH:  0    Dex: 15    Spells: 6/6 levels left

rFire   . . .      SeeInvis .    a - +0 rapier
rCold   . . .      Faith    .    (no shield)
rNeg    . . .      Spirit   +    b - +0 leather armour
rPois   .          Reflect  .    c - +0 helmet
rElec   .          Rampage  .    (no cloak)
rCorr   .                        (no gloves)
Will    .....                    (no boots)
Stlth   +                        (no amulet)
HPRegen 1.03/turn                i - +6 ring of intelligence
MPRegen 0.10/turn                (no ring)

@: confused, brilliant, lethally poisoned (0 -> 0), ambrosia-drunk, hasted,
constricted, very quick
A: fangs 2, regeneration 1, magic shield, antimagic bite, no potion heal 2
a: no special abilities


You were in a sewer.
You visited 1 branch of the dungeon, and saw 3 of its levels.
You also visited: Sewer.

You collected 82 gold pieces.

Inventory:

Hand Weapons
 a - a +0 rapier (weapon)
Missiles
 d - 3 throwing nets (quivered)
 e - a javelin
Armour
 b - a +0 leather armour (worn)
 c - a +0 helmet (worn)
Jewellery
 i - a +6 ring of intelligence (left hand)
Scrolls
 g - a scroll of magic mapping {unknown}
 j - a scroll of vulnerability {unknown}
 k - a scroll of identify {unknown}


   Skills:
 + Level 2.5 Fighting
 + Level 3.3 Short Blades
 - Level 1.7 Throwing
 + Level 3.0 Dodging
 + Level 1.7 Spellcasting


You had 6 spell levels left.
You didn't know any spells.
Your spell library was empty.

Dungeon Overview and Level Annotations

Branches:
Dungeon (3/15)              Sewer (1/1)

Altars:


Innate Abilities, Weirdness & Mutations

You have extremely sharp teeth.
Your natural rate of healing is unusually fast.
When hurt, damage is shared between your health and your magic reserves.
Your bite disrupts and absorbs the magic of your enemies.
Potions cannot restore your health.


Message History

The adder is almost dead.
You feel sick.
The adder barely misses you. x2; The ball python bites you.
The ball python constricts you. The adder closely misses you.
The adder barely misses you.
You hit the adder.
You kill the adder!
You feel sick.
You are no longer poisoned.
The ball python bites you but does no damage.
The ball python constricts you. The adder bites you.
The ball python bites you but does no damage.
The ball python constricts you. The ball python bites you.
* * * LOW HITPOINT WARNING * * *
Your Dodging skill increases to level 3!
You hit the adder. Your bite misses the adder.
The adder is lightly wounded.
The adder bites you.
* * * LOW HITPOINT WARNING * * *
The ball python bites you.
* * * LOW HITPOINT WARNING * * *
The ball python bites you.
* * * LOW HITPOINT WARNING * * *
The ball python constricts you.
It was a potion of haste.
You feel yourself speed up. The adder bites you.
* * * LOW HITPOINT WARNING * * *
You are lethally poisoned!
The adder poisons you!
The ball python bites you but does no damage.
The ball python closely misses you. The ball python constricts you.
The adder barely misses you.
It was a potion of ambrosia.
You are confused.
Your system rejects the healing.
You feel invigorated.
* * * LOW HITPOINT WARNING * * *
You feel sick.
The ball python bites you but does no damage.
The ball python closely misses you. The ball python constricts you.
It was a potion of brilliance.
You feel clever all of a sudden.
You die...

##..#
#.∩#
#~.#
##.##
#~.#
#.~#
#~~#
#~~#
#@S#
#SS#
#~~#
#.~#
~~~#
~~~.#
.~~~~#
#######


You could see an adder and 2 ball pythons.

Vanquished Creatures
  4 adders
  2 orcs (D:3)
  3 ball pythons
  6 endoplasms
  6 giant cockroaches
  A goblin (D:3)
  4 hobgoblins
  3 quokkas
  2 bats (D:1)
  3 frilled lizards
  4 kobolds
  4 rats
42 creatures vanquished.

Notes
Turn   | Place    | Note
-------+----------+-------------------------------------------
     0 | D:1      | DeathPants the Vine Stalker Gladiator began the quest for
                  | the Orb.
     0 | D:1      | Reached XP level 1. HP: 11/11 MP: 2/2
   229 | D:1      | Reached XP level 2. HP: 15/15 MP: 3/3
   403 | D:1      | Reached skill level 1 in Spellcasting
   526 | D:1      | Reached XP level 3. HP: 18/18 MP: 5/5
  1175 | D:2      | Gained mutation: Your natural rate of healing is unusually
                  | fast. [Vine Stalker growth]
  1175 | D:2      | Reached XP level 4. HP: 19/23 MP: 7/7
  1405 | D:3      | Found a glowing drain.
  1450 | Sewer    | Entered a sewer
  1484 | Sewer    | HP: 1/23 [poisoned by an adder]
  1485 | Sewer    | Succumbed to an adder's poison

Illustrated notes

Levels and vault maps discovered:
D:1:      minmay_arrival_hallway, layout_loops_corners
D:2:      layout_loops_ring, uniq_sigmund
D:3:      layout_basic, portal_sewer_entry_a, chequers_arboretum
Sewer:    sewer_frog_island_02

Skill      XL: |  1  2  3  4 |
---------------+-------------+-----
Fighting       | 2 |  2.5
Spellcasting   | 1 |  1.7
Short Blades   | 3 |  3.3
Dodging        | 3 |  3.0
Throwing       | |  1.7

Action                     |  1- 3 |  4- 6 || total
---------------------------+-------+-------++-------
  Melee: Rapier            |   104 |    66 ||   170
         Bite              |    19 |    13 ||    32
    Use: Potion            |       |     3 ||     3
   Stab: Sleeping          |     1 |       ||     1
 Armour: Leather armour    |    28 |    37 ||    65
  Dodge: Dodged            |    62 |    71 ||   133

Table legend: (Time is in decaauts)
 A = Elapsed time spent in this place.
 B = Non-inter-level travel time spent in this place.
 C = Inter-level travel time spent in this place.
 D = Time resting spent in this place.
 E = Time spent auto-exploring this place.
 F = Levels seen in this place.
 G = Mean time per level.
                   A        B        C        D        E       F      G
               +--------+--------+--------+--------+--------+-----+--------+
         Total |   1498 |   1458 |     40 |      0 |   1011 |   4 |  374.5 |
       Dungeon |   1459 |   1419 |     40 |      0 |    995 |   3 |  486.3 |
         Sewer |     39 |     39 |      0 |      0 |     16 |   1 |   39.0 |
               +--------+--------+--------+--------+--------+-----+--------+

Top non-repeatable levels by time:
     D:1: 923 daAuts
     D:2: 320 daAuts
     D:3: 215 daAuts
   Sewer: 39 daAuts
